 Dungeon Crawl Stone Soup version 0.28.0-53-g5a82cb258f (webtiles) character file.

Game seed: 15894881654700942921

3155 Peloso the Carver (level 9, -10/80 (81) HPs)
             Began as a Minotaur Fighter on June 18, 2022.
             Mangled by a two-headed ogre
             ... wielding a +0 giant club
              (23 damage)
             ... on level 8 of the Dungeon.
             The game lasted 00:14:56 (8770 turns).

Peloso the Carver (Minotaur Fighter)                Turns: 8770, Time: 00:14:58

HP:   -10/80 (81)   AC: 14    Str: 24    XL:     9   Next: 62%
MP:   8/8           EV:  7    Int:  5    God:
Gold: 107           SH:  5    Dex: 11    Spells: 8/8 levels left

rFire   . . .      SeeInvis .   a - +0 demon blade (venom)
rCold   . . .      Faith    .   c - +0 buckler
rNeg    . . .      Spirit   .   v - +0 plate armour
rPois   .          Reflect  .   (helmet restricted)
rElec   .          Harm     .   (no cloak)
rCorr   .          Rampage  .   (no gloves)
Will    .....                   (no boots)
Stlth   ..........              (no amulet)
HPRegen 0.23/turn               (no ring)
MPRegen 0.11/turn               (no ring)

@: lightly drained
A: horns 2, retaliatory headbutt
a: no special abilities


You were on level 8 of the Dungeon.
You visited 2 branches of the dungeon, and saw 9 of its levels.

You collected 367 gold pieces.
You spent 260 gold pieces at shops.

Inventory:

Hand Weapons
 a - a +0 demon blade of venom (weapon)
 b - a +2 whip of flaming
Armour
 c - a +0 buckler (worn)
 r - a +0 chain mail
 v - a +0 plate armour (worn)
 y - +0 swamp dragon scales
Jewellery
 t - a +6 ring of intelligence
 u - an amulet of magic regeneration
 D - a ring of poison resistance
Wands
 i - a wand of flame (33)
 n - a wand of digging (11)
 p - a wand of iceblast (17)
 s - a wand of mindburst (11)
Scrolls
 e - a scroll of amnesia {unknown}
 f - a scroll of fog
 h - a scroll of magic mapping {unknown}
 k - 2 scrolls of holy word {unknown}
 m - a scroll of immolation {unknown}
 q - 2 scrolls of enchant weapon {unknown}
 w - a scroll of teleportation
 x - a scroll of noise {unknown}
 E - a scroll of brand weapon {unknown}
Potions
 d - a potion of might
 j - 2 potions of magic {unknown}
 l - a potion of cancellation
 o - 2 potions of ambrosia {unknown}
 z - a potion of haste {unknown}
 A - a potion of invisibility {unknown}
 B - a potion of mutation {unknown}
 C - a potion of flight {unknown}


   Skills:
 + Level 8.2 Fighting
 + Level 10.0 Long Blades
 + Level 9.1 Armour
 + Level 2.7 Dodging
 + Level 0.8 Stealth
 + Level 6.1 Shields
 + Level 1.6 Evocations


You had 8 spell levels left.
You didn't know any spells.
Your spell library contained the following spells:

 Spells                   Type           Power      Damage    Failure   Level
 Apportation              Tloc           0%         N/A       100%        1
 Alistair's Intoxication  Tmut/Pois      0%         N/A       100%        5


Dungeon Overview and Level Annotations

Branches:
Dungeon (8/15)             Temple (1/1) D:6
   Lair: D:8-11

Altars:
Ashenzari
Cheibriados
Dithmenos
Fedhas
Gozag
Hepliaklqana
Kikubaaqudgha
Makhleb
Nemelex Xobeh
Okawaru
Qazlal
Ru
Sif Muna
Trog
Uskayaw
Vehumet
Wu Jian
Xom
Yredelemnul
Zin
The Shining One

Shops:
D:6 ((

Annotations:
D:6 3 runed translucent doors, Descartes's ghost, novice OpWn
D:8 3 runed translucent doors, Peloso's ghost, novice MiFi


Innate Abilities, Weirdness & Mutations

You have a pair of horns on your head.
You reflexively headbutt those who attack you in melee.


Message History

You hit the wight but do no damage. The wight barely misses you.
You furiously retaliate!
You headbutt the wight.
The wight hits you from afar with a +4 trident.
The two-headed ogre hits you with a +0 giant club!
The two-headed ogre barely misses you.
You closely miss the wight. You headbutt the wight.
The wight is almost destroyed.
The wight hits you but does no damage.
The wight hits you from afar with a +4 trident.
Okay, then.
You slash the wight!
You destroy the wight!
The wight closely misses you.
You slash the two-headed ogre!
The two-headed ogre is poisoned.
The two-headed ogre is moderately wounded.
The two-headed ogre hits you with a +0 giant club!!
The two-headed ogre hits you with a +0 giant spiked club!!
* * * LOW HITPOINT WARNING * * *
The wight barely misses you.
You feel much better.
The wight hits you from afar with a +4 trident.
You feel drained.
The two-headed ogre hits you with a +0 giant club.
You block the two-headed ogre's attack.
You slash the two-headed ogre!
The two-headed ogre looks as sick as possible!
The two-headed ogre is severely wounded.
The wight hits you but does no damage.
You hit the two-headed ogre but do no damage.
The two-headed ogre looks as sick as possible!
The two-headed ogre is severely wounded.
The two-headed ogre closely misses you.
The two-headed ogre hits you with a +0 giant spiked club!
You barely miss the two-headed ogre.
The two-headed ogre is severely wounded.
The wight hits you from afar with a +4 trident.
The two-headed ogre hits you with a +0 giant club!!
* * * LOW HITPOINT WARNING * * *
The two-headed ogre hits you with a +0 giant spiked club!!
You die...

....... ._..... .......
...8z._ .....z. #####
....... ....# .
).._..z###...#
#...######...zzO@....##
#......#########....#
######..## #.##..# ###
####..#######.# ..#
...##........#....# .
...........#.#.####
.............#.#
...............#
..............##


You could see a two-headed ogre (extremely poisoned) and 3 wights.

Vanquished Creatures
  Maggie (D:7)
  An orc warrior (D:7)
  4 ice beasts
  2 sky beasts
  2 ogres
  3 centaurs
  3 phantoms
  3 bullfrogs
  2 scorpions
  A gnoll sergeant (D:7)
  4 killer bees (D:4)
  2 wights (D:8)
  2 centaur zombies
  A jelly (D:8)
  2 gnoll shamans
  2 orc priests
  3 hounds
  2 bullfrog skeletons
  A centaur skeleton (D:7)
  Jessica (D:2)
  Terence (D:3)
  2 iguanas
  7 orc wizards
  A killer bee zombie (D:7)
  A hound zombie (D:5)
  A hound skeleton (D:5)
  2 howler monkey zombies
  11 gnolls
  5 adders
  3 ufetubi (D:5)
  3 dart slugs (D:2)
  18 orcs
  A bat (D:1)
  5 endoplasms
  4 giant cockroaches
  7 goblins
  6 hobgoblins
  5 quokkas
  3 ball pythons
  5 frilled lizards
  6 kobolds
  6 rats
145 creatures vanquished.

Vanquished Creatures (others)
  An orc wizard (D:4)
  2 fungi (D:6)
  2 plants (D:6)
5 creatures vanquished.

Grand Total: 150 creatures vanquished

Notes
Turn   | Place    | Note
-------+----------+-------------------------------------------
     0 | D:1      | Peloso the Minotaur Fighter began the quest for the Orb.
     0 | D:1      | Reached XP level 1. HP: 19/19 MP: 0/0
   320 | D:1      | Found a faded altar of an unknown god.
   446 | D:1      | Reached XP level 2. HP: 27/27 MP: 1/1
  1285 | D:2      | Noticed Jessica
  1289 | D:2      | Killed Jessica
  1290 | D:2      | Reached skill level 3 in Long Blades
  1290 | D:2      | Reached XP level 3. HP: 33/33 MP: 2/2
  1808 | D:3      | Reached XP level 4. HP: 40/40 MP: 3/3
  1964 | D:3      | Noticed Terence
  1973 | D:3      | Killed Terence
  2250 | D:4      | Reached XP level 5. HP: 42/47 MP: 4/4
  2294 | D:4      | Reached skill level 4 in Long Blades
  2507 | D:4      | Reached skill level 5 in Armour
  2507 | D:4      | Reached skill level 1 in Dodging
  2757 | D:4      | HP: 1/47 [killer bee (7)]
  3077 | D:5      | Entered Level 5 of the Dungeon
  3192 | D:5      | Reached XP level 6. HP: 52/53 MP: 5/5
  3225 | D:5      | Reached skill level 5 in Shields
  3267 | D:5      | Noticed an ice beast
  3279 | D:5      | Killed an ice beast
  3280 | D:5      | Reached skill level 5 in Long Blades
  3282 | D:5      | Reached skill level 5 in Fighting
  3545 | D:5      | Reached XP level 7. HP: 17/61 MP: 6/6
  3914 | D:5      | Reached skill level 6 in Long Blades
  4129 | D:6      | Noticed an eight-headed hydra
  4129 | D:6      | Found Kausyom's Hydra Hut.
  4165 | D:6      | Found a runed translucent gate.
  4165 | D:6      | Found a runed translucent gate.
  4165 | D:6      | Noticed a kobold demonologist
  4165 | D:6      | Noticed Descartes's ghost (novice OpWn)
  4166 | D:6      | Found a runed translucent gate.
  4532 | D:5      | Reached skill level 7 in Long Blades
  4532 | D:5      | Reached XP level 8. HP: 33/70 MP: 7/7
  5044 | D:6      | Found Jiadio's Weapon Emporium.
  5106 | D:6      | Found a hazy altar of Hepliaklqana.
  5139 | D:6      | Found a staircase to the Ecumenical Temple.
  5189 | D:6      | Found a glowing silver altar of Zin.
  5284 | Temple   | Entered the Ecumenical Temple
  5648 | D:7      | Found a bloodstained altar of Trog.
  5813 | D:7      | Reached skill level 8 in Long Blades
  6109 | D:7      | Noticed Maggie
  6351 | D:7      | Killed Maggie
  6352 | D:7      | Reached XP level 9. HP: 51/79 MP: 8/8
  6556 | D:7      | Reached skill level 9 in Long Blades
  7115 | D:6      | Bought a +0 demon blade of venom for 260 gold pieces
  7209 | D:4      | Reached skill level 1 in Evocations
  7324 | D:4      | You fall into a shaft and drop 2 floors!
  8396 | D:8      | Noticed Peloso's ghost (novice MiFi)
  8586 | D:8      | Found a runed translucent gate.
  8586 | D:8      | Found a runed translucent gate.
  8586 | D:8      | Found a runed translucent gate.
  8755 | D:8      | Found an iron altar of Okawaru.
  8757 | D:8      | Found an ornate altar of the Wu Jian Council.
  8757 | D:8      | Noticed a two-headed ogre
  8761 | D:8      | Reached skill level 10 in Long Blades
  8761 | D:8      | Found a shadowy altar of Dithmenos.
  8770 | D:8      | Mangled by a two-headed ogre

Illustrated notes

Levels and vault maps discovered:
D:1:      denvon_arrival_planthouse, layout_basic,
          shapermc_ecumenical_altar_starsandcircs, hex_intersection
D:2:      layout_loops_cross, uniq_jessica
D:3:      layout_rooms, uniq_terence
D:4:      layout_loops_ring, kennysheep_generic_room_15
D:5:      layout_rooms
D:6:      layout_basic, zin_statuary, worldfamousw_hep_ancestral_shrine,
          minmay_temple_entry_butterflies, gammafunk_ghost_nasty_kobolds,
          serial_shops, nicolae_shop_statue_plus, doesnt_shop_hydraphobe
D:7:      layout_basic, bloody_trog, minmay_misc_feat_secret_circle,
          st_stairs_11, uniq_maggie
D:8:      layout_rooms, grunt_temple_overflow_open, gammafunk_ghost_icy,
          serial_glass, glass_columns_a, glass_columns_a
Temple:   eino_wide_crystal_templ

Skill      XL: |  1  2  3  4  5  6  7  8  9 |
---------------+----------------------------+-----
Fighting       | 4 5 7 8 |  8.2
Shields        | 4 5 6 |  6.1
Armour         | 4 5 6 8 9 |  9.1
Long Blades    | 3 4 5 7 8 10 | 10.0
Dodging        | 1 2 |  2.7
Evocations     | 1 |  1.6
Stealth        | |  0.8

Action                   |  1- 3 |  4- 6 |  7- 9 || total
-------------------------+-------+-------+-------++-------
Melee: Long sword        |    68 |   161 |   165 ||   394
       Headbutt          |     5 |    25 |    50 ||    80
       Unarmed           |       |       |     6 ||     6
       Demon blade       |       |       |   101 ||   101
Evoke: Wand              |       |       |     6 ||     6
  Use: Scroll            |       |     7 |     3 ||    10
       Potion            |       |     1 |     1 ||     2
Armor: Scale mail        |    25 |       |       ||    25
       Chain mail        |       |   100 |    59 ||   159
       Plate armour      |       |       |    63 ||    63
       Swamp dragon scal |       |       |    11 ||    11
Dodge: Dodged            |    21 |    56 |   102 ||   179
Block: Buckler           |    16 |    45 |    63 ||   124
